 Dungeon Crawl Stone Soup version 0.28.0-47-ge53b351184 (webtiles) character file.

Game seed: 17106332129091377874

328 101zpm the Magician (level 6, -2/41 HPs)
             Began as a Djinni Fire Elementalist on Apr 27, 2022.
             Slain by a howler monkey skeleton (3 damage)
             ... on level 5 of the Dungeon.
             The game lasted 00:08:18 (6435 turns).

101zpm the Magician (Djinni Fire Elementalist)      Turns: 6435, Time: 00:08:18

Health: -2/41      AC:  9    Str:  7    XL:     6   Next: 80%
Gold:   103        EV: 12    Int: 18    God:
                   SH:  0    Dex: 14

rFire   + + .      SeeInvis .   g - +0 mace (protect)
rCold   x . .      Faith    .   (no shield)
rNeg    . . .      Spirit   .   a - +0 robe
rPois   ∞          Reflect  .   (no helmet)
rElec   .          Harm     .   (no cloak)
rCorr   .          Rampage  .   (no gloves)
Will    .....                   (boots unavailable)
Stlth   ++........              (no amulet)
HPRegen 0.13/turn               (no ring)
MPRegen 0.00/turn               (no ring)

@: under a protective aura, flying
A: sickness immunity, fire resistance 2, cold vulnerability 1, float, innate
caster, HP casting, extra vitality 1
a: no special abilities


You were on level 5 of the Dungeon.
You visited 1 branch of the dungeon, and saw 5 of its levels.

You collected 103 gold pieces.

Inventory:

Hand Weapons
 g - a +0 mace of protection (weapon)
Armour
 a - a +0 robe (worn)
Wands
 n - a wand of iceblast (8)
Scrolls
 d - a scroll of blinking {unknown}
 e - 3 scrolls of identify {unknown}
 f - a scroll of immolation {unknown}
 h - 3 scrolls of teleportation {unknown}
 i - a scroll of holy word {unknown}
 j - 2 scrolls of amnesia {unknown}
 l - a scroll of enchant armour {unknown}
Potions
 b - a potion of berserk rage {unknown}
 c - 2 potions of curing {unknown}
 k - 2 potions of flight {unknown}
 m - 2 potions of magic {unknown}
 o - a potion of lignification {unknown}
 p - a potion of brilliance {unknown}


   Skills:
 + Level 0.8 Fighting
 + Level 2.7 Dodging
 + Level 2.4 Stealth
 + Level 5.0 Spellcasting


You couldn't memorise any spells.
You knew the following spells:

 Your Spells              Type           Power      Damage    Failure   Level
a - Foxfire               Conj/Fire      88%        2x1d8     1%          1
b - Scorch                Fire           44%        2d7       2%          2
c - Conjure Flame         Conj/Fire      22%        6-21      4%          3
d - Inner Flame           Hex/Fire       22%        N/A       4%          3
e - Flame Wave            Conj/Fire      22%        2d7       17%         4
f - Sandblast             Erth           44%        2d11      1%          1
g - Corpse Rot            Necr/Air       44%        N/A       2%          2
Your spell library was empty.

Dungeon Overview and Level Annotations

Branches:
Dungeon (5/15)
 Temple: D:4-7

Altars:
Wu Jian
Yredelemnul

Annotations:
D:2 1 runed translucent door, Crazy Yiuf


Innate Abilities, Weirdness & Mutations

You are immune to sickness and miasma.
You are immune to poison.
Your flesh is very heat resistant. (rF++)
You are vulnerable to cold. (rC-)
You float through the air rather than walking.
You learn spells naturally, not from books.
Your magical power is your life essence.
You have superior vitality. (+4 MHP)


Message History

The howler monkey skeleton barely misses you.
You hit the centaur but do no damage.
The centaur is almost dead.
The centaur hits you but does no damage.
The centaur kicks you but does no damage.
The centaur barely misses you.
The centaur kicks you but does no damage.
The centaur wields a +0 shortbow.
The centaur shoots an arrow.
The arrow hits you!
* * * LOW HITPOINT WARNING * * *
You hit the centaur but do no damage.
The centaur is almost dead.
The centaur unwields a +0 shortbow.
The centaur hits you but does no damage.
The centaur kicks you but does no damage.
The howler monkey skeleton closely misses you.
The howler monkey skeleton barely misses you.
You completely miss the centaur.
The centaur is almost dead.
The centaur hits you.
* * * LOW HITPOINT WARNING * * *
The centaur closely misses you. The centaur hits you.
* * * LOW HITPOINT WARNING * * *
The centaur closely misses you. The howler monkey skeleton hits you.
* * * LOW HITPOINT WARNING * * *
The centaur misses you.
The centaur kicks you but does no damage.
Casting: Foxfire (safe; 1% risk of failure)
Confirm with . or Enter, or press ? or * to list all spells.
You don't have any stones to cast with.
You are too injured to fight recklessly!
Casting: Foxfire (safe; 1% risk of failure)
Press: ? - help, Q - select action, (/) - cycle Dir - look around, f - activate You conjure some foxfire!
* * * LOW HITPOINT WARNING * * *
The centaur hits you.
* * * LOW HITPOINT WARNING * * *
The centaur kicks you but does no damage.
The howler monkey skeleton hits you.
You die...

#############
#####...........######
#⌠.....cvv...........###
#......Z@..............##
#.....#########..........
##..### ####.......
#..§.....? ###.....
#...§...)⌠ #.....
###!.(c..[ #..... ###....
##.... #### #.... #..##


You could see a centaur (ally target) and a howler monkey skeleton.

Vanquished Creatures
  An ogre (D:4)
  2 hounds (D:4)
  A jelly (D:5)
  An iguana (D:5)
  4 adders
  A worm (D:4)
  2 dart slugs
  8 orcs (D:3)
  10 endoplasms
  2 giant cockroaches (D:1)
  5 goblins
  5 hobgoblins
  11 jackals
  7 kobolds
  7 ball pythons
  4 bats
  4 frilled lizards
  A rat (D:1)
76 creatures vanquished.

Vanquished Creatures (others)
  342 foxfires
342 creatures vanquished.

Grand Total: 418 creatures vanquished

Notes
Turn   | Place    | Note
-------+----------+-------------------------------------------
     0 | D:1      | 101zpm the Djinni Fire Elementalist began the quest for the
                  | Orb.
     0 | D:1      | Reached XP level 1. HP: 15/15 MP: 0/0
   304 | D:1      | Reached XP level 2. HP: 17/21 MP: 0/0
   687 | D:1      | Reached skill level 3 in Spellcasting
   812 | D:1      | Reached XP level 3. HP: 21/25 MP: 0/0
   812 | D:1      | Learned a level 1 spell: Sandblast
  1768 | D:2      | Found a runed translucent door.
  1769 | D:2      | Noticed Crazy Yiuf
  2717 | D:3      | Reached XP level 4. HP: 26/31 MP: 0/0
  3712 | D:3      | Reached XP level 5. HP: 22/36 MP: 0/0
  3712 | D:3      | Learned a level 2 spell: Corpse Rot
  4432 | D:4      | Reached skill level 4 in Spellcasting
  4863 | D:4      | Found a basalt altar of Yredelemnul.
  5606 | D:4      | Noticed an ogre
  5622 | D:4      | Killed an ogre
  5623 | D:4      | Reached XP level 6. HP: 18/41 MP: 0/0
  6187 | D:4      | Found an ornate altar of the Wu Jian Council.
  6334 | D:5      | Entered Level 5 of the Dungeon
  6375 | D:5      | Reached skill level 5 in Spellcasting
  6435 | D:5      | HP: 1/41 [centaur (1)]
  6435 | D:5      | Slain by a howler monkey skeleton

Illustrated notes

Levels and vault maps discovered:
D:1:      dpeg_arrival_tiny_b, layout_rooms
D:2:      layout_basic, uniq_crazy_yiuf_cottage
D:3:      layout_basic
D:4:      layout_loops_corners, yredelemnul_altar_generic,
          nicolae_wu_jian_glorious_leap, kennysheep_generic_room_10
D:5:      kennysheep_spiral_hall, layout_loops_ring,
          minmay_temple_entry_enclosed_plants, fountainhead, st_stairs_13

Skill      XL: |  1  2  3  4  5  6 |
---------------+-------------------+-----
Spellcasting   | 3 4 5 |  5.0
Stealth        | 2 |  2.4
Fighting       | |  0.8
Dodging        | |  2.7

Action                   |  1- 3 |  4- 6 || total
-------------------------+-------+-------++-------
Melee: Unarmed           |     1 |       ||     1
       Mace              |       |     5 ||     5
 Cast: Foxfire           |    97 |   134 ||   231
       Flame Wave        |       |     1 ||     1
       Inner Flame       |       |     1 ||     1
Armor: Robe              |     4 |    13 ||    17
Dodge: Dodged            |    10 |    25 ||    35
